 Seeded DCSS version 0.30.1-11-g7821555f0a (webtiles) character file.

Game seed: 8617203140785432855 (custom seed)

7 Psyclone the Conjurer (level 1, 0/10 HPs)
             Began as a Deep Elf Conjurer on Nov 3, 2023.
             Slain by a quokka (2 damage)
             ... on level 1 of the Dungeon.
             The game lasted 00:00:21 (1395 turns).

Psyclone the Conjurer (Deep Elf Conjurer)           Turns: 1395, Time: 00:00:22

Health: 0/10       AC:  3    Str:  7    XL:     1   Next: 83%
Magic:  6/6        EV: 12    Int: 25    God:
Gold:   0          SH:  0    Dex: 11    Spells: 5/6 levels left

rFire   . . .        (no weapon)
rCold   . . .        (no shield)
rNeg    . . .        a - +0 robe
rPois   .            (helmet restricted)
rElec   .            (no cloak)
rCorr   .            (no gloves)
SInv    .            d - +0 pair of boots
Will    .....        (no amulet)
Stlth   ++           (no ring)
HPRegen 0.21/turn    (no ring)
MPRegen 0.10/turn

%: random rage (3%)
@: no status effects
A: antennae 1, berserk 1, clever 1, strong 1, evolution 1
a: no special abilities


You were on level 1 of the Dungeon.
You visited 1 branch of the dungeon, and saw 1 of its levels.

Inventory:

Armour
 a - a +0 robe (worn)
 d - a +0 pair of boots (worn)
Potions
 b - a potion of magic


   Skills:
 + Level 2.4 Dodging
 - Level 2.4 Stealth
 - Level 3.0 Spellcasting
 + Level 4.8 Conjurations


You had 5 spell levels left.
You knew the following spells:

 Your Spells              Type           Power      Damage    Failure   Level
a - Magic Dart            Conj           100%       1d8       1%          1

Your spell library contained the following spells:

 Spells                   Type           Power      Damage    Failure   Level
 Searing Ray              Conj           56%        2d6       1%          2
 Dazzling Flash           Conj/Hex       30%        N/A       11%         3
 Fulminant Prism          Conj/Hex       7%         3d7       36%         4
 Iskenderun's Mystic Bla  Conj/Tloc      15%        2d5       36%         4


Dungeon Overview and Level Annotations

Branches:
Dungeon (1/15) Zot: 4604

Altars:


Innate Abilities, Weirdness & Mutations

You have a pair of small antennae on your head.
You sometimes lose your temper in combat.
Your mind is acute. (Int +4, Str/Dex -1)
Your muscles are strong. (Str +4, Int/Dex -1)
You have hidden genetic potential.


Message History

You open the door. The quokka bites you. The quokka closely misses you.
The bat hits you but does no damage. The quokka closely misses you.
The bat hits you but does no damage.
You take 1 damage, and have 7/10 hp.
The quokka closely misses you. The bat hits you but does no damage.
The quokka closely misses you.
You aren't carrying any scrolls.
There are no items here.
The quokka completely misses you. The bat hits you but does no damage.
The bat attacks as you move away! The bat closely misses you. x2
The quokka completely misses you. The quokka barely misses you.
The bat barely misses you. The quokka attacks as you move away!
The quokka barely misses you. The bat attacks as you move away!
The bat closely misses you. The bat hits you but does no damage.
The bat misses you. The bat misses you. The bat attacks as you move away!
The bat barely misses you. x2
The quokka closely misses you. The quokka barely misses you.
A bat comes into view.
The bat barely misses you. The bat hits you.
The bat hits you but does no damage.
You hit the quokka but do no damage. The bat barely misses you.
The quokka bites you.
The quokka bites you but does no damage.
You completely miss the quokka.
The quokka twitches its whiskers.
The quokka barely misses you. The bat completely misses you.
You closely miss the bat. The bat hits you. The quokka misses you.
You take 2 damage, and have 6/10 hp.
The quokka bites you.
* * * LOW HITPOINT WARNING * * *
The bat hits you.
* * * LOW HITPOINT WARNING * * *
The bat barely misses you. The quokka attacks as you move away!
The quokka misses you. The quokka bites you.
You die...

#...............####.
#....................
####..................
#.....................
#........#.......####.
+.........>......#....
#......##.............
#.......'.............
#....@..#.............
#....br....####.......
#.....................
#.....................
#...###.##..###.......
#b.. #.##..###.......
#... #...............
#... #..........#....
#.. ......###.......


You could see a quokka and 2 bats.

Vanquished Creatures
  A dart slug (D:1)
  A giant cockroach (D:1)
  2 hobgoblins (D:1)
4 creatures vanquished.

Notes
Turn   | Place    | Note
-------+----------+-------------------------------------------
     0 | D:1      | Psyclone the Deep Elf Conjurer began the quest for the Orb.
     0 | D:1      | Reached XP level 1. HP: 10/10 MP: 6/6
    79 | D:1      | Gained mutation: You have hidden genetic potential. [potion
                  | of mutation]
    79 | D:1      | Gained mutation: You have a pair of small horns on your
                  | head. [potion of mutation]
    79 | D:1      | Gained mutation: You have supernaturally acute eyesight.
                  | (SInv) [potion of mutation]
  1087 | D:1      | Lost mutation: You have a pair of small horns on your head.
                  | [potion of mutation]
  1087 | D:1      | Lost mutation: You have supernaturally acute eyesight.
                  | (SInv) [potion of mutation]
  1087 | D:1      | Gained mutation: Your mind is acute. (Int +4, Str/Dex -1)
                  | [potion of mutation]
  1087 | D:1      | Gained mutation: You have a pair of small antennae on your
                  | head. [potion of mutation]
  1087 | D:1      | Gained mutation: You sometimes lose your temper in combat.
                  | [potion of mutation]
  1087 | D:1      | Gained mutation: Your muscles are strong. (Str +4, Int/Dex
                  | -1) [potion of mutation]
  1395 | D:1      | Slain by a quokka

Illustrated notes

Levels and vault maps discovered:
D:1:      dpeg_arrival_stonehenge_12_columns, layout_basic, serial_shops, shop

Action                     || total
---------------------------++-------
  Melee: Unarmed           ||    10
         Headbutt          ||     2
   Cast: Magic Dart        ||     7
    Use: Potion            ||     2
 Armour: Robe              ||     9
  Dodge: Dodged            ||    40
